 Dungeon Crawl Stone Soup version 0.18-a0-1121-gb454403 (webtiles) character file.

4373 ater218 the Spear-Bearer (level 10, -12/76 HPs)
             Began as a Demonspawn Fighter on Jan 18, 2016.
             Was a Follower of Yredelemnul.
             Mangled by an orc warrior
             ... wielding a +3 long sword of slicing
              (16 damage)
             ... on level 1 of the Orcish Mines.
             The game lasted 00:32:04 (9959 turns).

ater218 the Spear-Bearer (Demonspawn Fighter)       Turns: 9959, Time: 00:32:04

Health: -12/76     AC: 13    Str: 20    XL:     10   Next: 13%
Magic:  11/11      EV: 11    Int:  9    God:    Yredelemnul [*.....]
Gold:   398        SH: 11    Dex: 13    Spells: 0 memorised, 9 levels left

rFire  . . .     SeeInvis .     y - +2 spear (pierce)
rCold  + . .     Gourm    +     j - +0 chain mail
rNeg   . . .     Faith    .     c - +0 shield
rPois  .         Spirit   .     (no helmet)
rElec  .         Dismiss  .     (no cloak)
rCorr  .         Reflect  .     l - +0 pair of gloves
SustAt .         Harm     .     (no boots)
MR     .....                    o - amulet of the gourmand
Stlth  ..........               r - +4 ring of evasion
                                g - +1 ring of evasion

@: very slightly contaminated, invisible, not resistant to hostile enchantments,
extremely unstealthy
A: claws 2, yellow scales 1, cold resistance 1, spiny 2
a: Animate Remains, Renounce Religion


You were on level 1 of the Orcish Mines.
You worshipped Yredelemnul.
Yredelemnul was aware of your devotion.
You were full.

You visited 2 branches of the dungeon, and saw 10 of its levels.

You collected 503 gold pieces.
You spent 105 gold pieces at shops.

Inventory:

Hand Weapons
 a - a +1 trident
 y - a +2 spear of piercing (weapon)
Armour
 c - a +0 shield (worn)
 j - a +0 chain mail (worn)
 l - a +0 pair of gloves (worn)
Jewellery
 g - a +1 ring of evasion (left hand)
 o - an amulet of the gourmand (around neck)
 r - a +4 ring of evasion (right hand)
Wands
 w - a wand of digging (10/24)
 x - a wand of paralysis (11/24)
 z - a wand of cold (8/15)
 A - a wand of hasting (6/9)
 D - a wand of disintegration (9/24)
 E - a wand of flame (22/48)
 F - a wand of polymorph (19/24)
Scrolls
 e - 3 scrolls of fear
 h - 4 scrolls of identify
 p - 5 scrolls of teleportation
 q - 4 scrolls of remove curse
 G - 2 scrolls of enchant armour {unknown}
 I - a scroll of fog
Potions
 d - a potion of might
 k - 2 potions of haste
 m - a potion of ambrosia {unknown}
 t - a potion of beneficial mutation
 B - 2 potions of heal wounds {unknown}
 H - a potion of agility {unknown}
Miscellaneous
 v - a plain deck of defence
Comestibles
 b - 3 slices of pizza
 f - 10 bread rations
 i - 7 fruits
 n - 2 royal jellies
 s - 4 beef jerkies
 u - 3 meat rations


   Skills:
 + Level 6.1 Fighting
 * Level 8.1 Polearms
 + Level 7.1 Armour
 + Level 7.7 Shields
 + Level 1.8 Invocations


You had 9 spell levels left.
You didn't know any spells.

Dungeon Overview and Level Annotations

Branches:
Dungeon (9/15)             Temple (0/1) D:7            Lair (0/8) D:9
    Orc (1/2) D:9

Altars:
Ashenzari
Cheibriados
Elyvilon
Fedhas
Kikubaaqudgha
Nemelex Xobeh
Pakellas
Qazlal
Ru
Sif Muna
Trog
Vehumet
Yredelemnul
Beogh

Shops:
D:5 %


Innate Abilities, Weirdness & Mutations

You have very sharp fingernails.
You are partially covered in yellow scales (AC +2).
Your flesh is cold resistant.
You are mostly covered in sharp spines.


Message History

You puncture the orc warrior!
The orc warrior is severely wounded.
You block the orc warrior's attack.
An orc wizard comes into view. It is wielding a dagger.
You catch the helpless orc warrior completely off-guard!
You hit the orc warrior but do no damage.
The orc warrior is severely wounded.
The orc wizard shouts!
The orc wizard moves out of view.
You block the orc warrior's attack.
You closely miss the orc warrior.
The orc warrior is severely wounded.
The orc priest mumbles some strange prayers to Beogh against you.
Something smites you!
* * * LOW HITPOINT WARNING * * *
You strike the helpless orc warrior from behind!
You hit the orc warrior but do no damage.
The orc warrior is heavily wounded.
The orc warrior hits you with a long sword of slicing!
You die...
Your body rises from the dead as a mindless zombie.

##.#####.#..
##...#....... ###
#............
###.####...#.......
##....##............
#...................
#....#..#.....<>...
#.o................
##@#...##..........
###...............
#.........)....##
#..............#
##....o...........
#...........###$#. #
##.##.#....## #..
$...#.#.#.#...# ..
#.....)))..#.##


You could see an orc warrior.

Vanquished Creatures
  Prince Ribbit (D:6)
  A spriggan (D:8)
  3 yaks (D:9)
  A hungry ghost (D:9)
  A hippogriff (D:7)
  A warg (Orc:1)
  An ice beast (D:5)
  3 orc warriors
  2 black bears
  2 phantoms
  2 ogres
  2 centaurs
  A crocodile (D:7)
  2 giant frogs (D:6)
  3 scorpions
  3 killer bees (D:8)
  5 wights (D:8)
  3 crimson imps
  A giant frog zombie (D:9)
  6 hounds
  9 orc priests
  A jelly (D:9)
  7 orc wizards
  Jessica (D:2)
  Terence (D:2)
  8 worker ants
  An iguana (D:5)
  A hound skeleton (D:8)
  3 worker ant zombies
  12 adders
  4 gnolls (D:5)
  3 shadow imps
  4 oozes
  3 adder skeletons
  2 worms
  4 giant geckos
  16 orcs
  9 bats
  5 giant cockroaches
  9 goblins
  8 hobgoblins
  6 quokkas
  4 ball pythons
  A giant gecko skeleton (D:5)
  A giant gecko zombie (D:5)
  11 giant newts
  2 kobolds
  A quokka skeleton (D:7)
  6 rats
  A bush (D:7)
188 creatures vanquished.

Vanquished Creatures (collateral kills)
  A hungry ghost (D:7)
  A giant frog skeleton (D:7)
  2 orcs (Orc:1)
4 creatures vanquished.

Vanquished Creatures (others)
  An ogre zombie (D:9)
  An orc zombie (Orc:1)
  A ball python zombie (D:9)
3 creatures vanquished.

Grand Total: 195 creatures vanquished

Notes
Turn   | Place    | Note
--------------------------------------------------------------
     0 | D:1      | ater218 the Demonspawn Fighter began the quest for the Orb.
     0 | D:1      | Reached XP level 1. HP: 18/18 MP: 1/1
    72 | D:1      | Found a sparkling altar of Nemelex Xobeh.
   181 | D:1      | Gained mutation: Your flesh is cold resistant. [demonic ancestry]
   181 | D:1      | Reached XP level 2. HP: 24/24 MP: 2/2
   677 | D:2      | Gained mutation: You are partially covered in sharp spines. [demonic ancestry]
   677 | D:2      | Reached XP level 3. HP: 22/29 MP: 3/3
  1047 | D:2      | Noticed Terence
  1061 | D:2      | Killed Terence
  1061 | D:2      | Gained mutation: You have sharp fingernails. [demonic ancestry]
  1061 | D:2      | Reached XP level 4. HP: 16/35 MP: 4/4
  1572 | D:2      | Noticed Jessica
  1599 | D:2      | Killed Jessica
  2060 | D:3      | Gained mutation: You are mostly covered in sharp spines. [demonic ancestry]
  2060 | D:3      | Reached XP level 5. HP: 38/41 MP: 5/5
  2077 | D:3      | Found a sparkling altar of Nemelex Xobeh.
  2086 | D:3      | Found a deep blue altar of Sif Muna.
  2086 | D:3      | Found a radiant altar of Vehumet.
  2089 | D:3      | Found an ancient bone altar of Kikubaaqudgha.
  2785 | D:4      | Found a sparkling altar of Nemelex Xobeh.
  2842 | D:4      | Reached skill level 4 in Shields
  2932 | D:4      | Found a sacrificial altar of Ru.
  3036 | D:4      | Found a blossoming altar of Fedhas.
  3106 | D:4      | Gained mutation: Armour fits poorly on your strangely shaped body. [potion of mutation]
  3106 | D:4      | Gained mutation: You are clumsy. (Dex -2) [potion of mutation]
  3197 | D:4      | Gained mutation: You are partially covered in yellow scales (AC +2). [demonic ancestry]
  3197 | D:4      | Reached XP level 6. HP: 48/48 MP: 6/6
  3238 | D:4      | Gained mutation: You possess an exceptional clarity of mind. [potion of beneficial mutation]
  3440 | D:5      | Entered Level 5 of the Dungeon
  3789 | D:5      | Reached XP level 7. HP: 51/54 MP: 7/7
  3806 | D:5      | Found a bloodstained altar of Trog.
  3826 | D:5      | Found an oddly glowing altar of Pakellas.
  3867 | D:5      | Found Hutuy's Food Boutique.
  3879 | D:5      | Bought a slice of pizza for 21 gold pieces
  3879 | D:5      | Bought a beef jerky for 21 gold pieces
  3879 | D:5      | Bought a beef jerky for 21 gold pieces
  3879 | D:5      | Bought a slice of pizza for 21 gold pieces
  3879 | D:5      | Bought a slice of pizza for 21 gold pieces
  4009 | D:5      | Reached skill level 5 in Shields
  4041 | D:5      | Found a white marble altar of Elyvilon.
  4212 | D:5      | Found a stormy altar of Qazlal.
  4212 | D:5      | Noticed a fire elemental
  4215 | D:5      | Noticed an air elemental
  4215 | D:5      | Noticed a water elemental
  4326 | D:5      | Found a basalt altar of Yredelemnul.
  4334 | D:5      | Became a worshipper of Yredelemnul the Dark
  4397 | D:6      | Lost mutation: You are clumsy. (Dex -2) [potion of cure mutation]
  4397 | D:6      | Lost mutation: You possess an exceptional clarity of mind. [potion of cure mutation]
  4397 | D:6      | Lost mutation: Armour fits poorly on your strangely shaped body. [potion of cure mutation]
  4448 | D:6      | Identified a scroll of acquirement
  4451 | D:6      | Got a transparent shortbow
  4541 | D:6      | Reached skill level 5 in Polearms
  4701 | D:6      | Noticed Prince Ribbit
  4714 | D:6      | Killed Prince Ribbit
  4714 | D:6      | Reached skill level 5 in Armour
  4714 | D:6      | Gained mutation: You have very sharp fingernails. [demonic ancestry]
  4714 | D:6      | Reached XP level 8. HP: 49/61 MP: 8/8
  5728 | D:7      | Reached skill level 5 in Fighting
  5734 | D:7      | Reached skill level 6 in Polearms
  6088 | D:7      | Reached * piety under Yredelemnul
  6501 | D:7      | Reached XP level 9. HP: 65/68 MP: 7/9
  6503 | D:7      | Found a staircase to the Ecumenical Temple.
  7402 | D:8      | Reached skill level 1 in Invocations
  7409 | D:8      | Reached skill level 7 in Polearms
  8173 | D:9      | Found a staircase to the Orcish Mines.
  8180 | D:9      | Found a roughly hewn altar of Beogh.
  8544 | D:9      | Found a snail-covered altar of Cheibriados.
  8544 | D:9      | Found a shattered altar of Ashenzari.
  8963 | D:9      | Found a staircase to the Lair.
  9048 | D:9      | Reached XP level 10. HP: 52/76 MP: 11/11
  9610 | Orc:1    | Entered Level 1 of the Orcish Mines
  9622 | Orc:1    | Reached skill level 8 in Polearms
  9948 | Orc:1    | HP: 1/76 [orc priest/divine providence (15)]
  9959 | Orc:1    | Mangled by an orc warrior

Vault maps used:
D:1:      ncdulo_halloftheorcs, nemelex_diamond_rough_becter
D:2:      minmay_door_path, uniq_terence, uniq_jessica
D:3:      minitemple
D:4:      nicolae_ru_great_annihilating_truth, kennysheep_mini_moat,
          first_bread, nemelex_deck
D:5:      kennysheep_ying_yang, grunt_temple_overflow_open,
          nicolae_qazlal_style_of_elements, serial_shops, nicolae_shop_trees
D:6:      uniq_prince_ribbit1
D:7:      minmay_temple_entry_overgrown
D:8:      the_bakery
D:9:      gammafunk_temple_overflow_elements, lair_0_dummy,
          minmay_orc_entry_temple_small

Action                   |  1- 3 |  4- 6 |  7- 9 | 10-12 || total
-------------------------+-------+-------+-------+-------++-------
Melee: Trident           |    99 |   130 |   296 |       ||   525
       Spear             |       |       |   124 |    72 ||   196
Invok: Animate Remains   |       |       |     3 |     3 ||     6
  Use: Scroll            |       |     5 |     8 |       ||    13
       Potion            |       |     8 |     3 |     1 ||    12
 Stab: Paralysed         |       |     1 |       |       ||     1
       Invisible         |       |     1 |     1 |     2 ||     4
  Eat: Chunk             |     1 |    16 |    29 |     1 ||    47
       Fruit             |       |     1 |       |       ||     1
       Pizza             |       |       |     2 |       ||     2
